cohdb
Replays
Latest Replays
All Replays
Popular Replays
Top Player Replays
Match Explorer
How It Works
Community
CoH3 Stats
Reddit
Sign in to upload your games and track your stats! →
Sign in with Steam
Match 41564188
Unlisted
Match 41564188
Overview
Messages
Build Orders
End
Construct Barracks
Riflemen Squad
Riflemen Squad
Selects Airborne Battlegroup
Selects Pathfinders
Grenade Package
Selects Paratrooper Squad Paradrop
Paratrooper Squad Paradrop
Construct Medical Station
Infantry Support Center
Construct Weapon Support Center
M3 Armored Personnel Carrier
最后一战
corncobber5
J
Mr Freemon
Nefris
Pharagon
0
0
Comments
sign in to comment!
No comments posted yet!